 Dungeon Crawl Stone Soup version 0.29-a0-11-ga75d3d97ab (webtiles) character file.

Game seed: 16133551399420432055

151439 Armakuni the Destroyer (level 17, 0/109 HPs)
             Began as a Human Conjurer on Jan 22, 2022.
             Was a Believer of Elyvilon.
             Slain by a naga (3 damage)
             ... on level 1 of the Snake Pit on Jan 28, 2022.
             The game lasted 02:15:07 (35803 turns).

Armakuni the Destroyer (Human Conjurer)            Turns: 35803, Time: 02:15:08

Health: 0/109      AC: 19    Str: 17    XL:     17   Next: 86%
Magic:  40/43      EV: 14    Int: 24    God:    Elyvilon [**....]
Gold:   2610       SH:  5    Dex: 16    Spells: 17/42 levels left

rFire   . . .      SeeInvis .   b - +8 trident of the Octopus King {venom, rElec rPois}
rCold   + . .      Faith    .   Q - +0 buckler
rNeg    . . .      Spirit   .   y - +5 acid dragon scales
rPois   +          Reflect  .   o - +0 hat of Wiam {rC+}
rElec   +          Harm     .   g - +0 cloak
rCorr   +          Rampage  .   s - +2 pair of gloves
Will    +....                   L - +0 pair of boots of Kiogg {Str+2 Dex+3}
Stlth   ++........              M - amulet of magic regeneration
HPRegen 0.28/turn               P - ring of magical power
MPRegen 0.68/turn               I - +6 ring of intelligence

@: constricted, studying Dodging
A: no striking features
}: 1/15 runes: decaying
a: Renounce Religion, Purification, Heal Other


You were on level 1 of the Snake Pit.
You worshipped Elyvilon.
Elyvilon was pleased with you.
You visited 6 branches of the dungeon, and saw 26 of its levels.
You also visited: Sewer, Bailey, Gauntlet and Ice Cave.

You collected 3777 gold pieces.
You spent 1167 gold pieces at shops.

Inventory:

Hand Weapons
 b - the +8 trident of the Octopus King (weapon) {venom, rElec rPois}
   (You found it on level 2 of the Lair of Beasts)

   It poisons the flesh of those it strikes.
   rElec:     It insulates you from electricity.
   rPois:     It protects you from poison.
 e - the +10 morningstar "Eos" {elec, Halo rElec}
   (You took it off a death knight on level 10 of the Dungeon)

   It occasionally discharges a powerful burst of electricity upon striking a
   foe.
   It grants its wielder a halo, increasing accuracy against those within it.
   rElec:     It insulates you from electricity.
Missiles
 m - 5 curare-tipped darts
 C - a throwing net
Armour
 g - a +0 cloak (worn)
 o - the +0 hat of Wiam (worn) {rC+}
   (You found it in a Gauntlet)

   rC:        It protects you from cold.
 s - a +2 pair of gloves (worn)
 y - +5 acid dragon scales (worn)
 L - the +0 pair of boots of Kiogg (worn) {Str+2 Dex+3}
   (You bought it in a shop on level 2 of the Orcish Mines)

   Str:       It affects your strength (+2).
   Dex:       It affects your dexterity (+3).
 Q - a +0 buckler (worn)
Magical Staves
 a - a staff of conjuration
 f - a staff of fire
Jewellery
 H - a +6 ring of strength
 I - a +6 ring of intelligence (right hand)
 M - an amulet of magic regeneration (around neck)
 N - a ring of protection from fire
 P - a ring of magical power (left hand)
 S - a ring of fire
Wands
 h - a wand of polymorph (28)
 k - a wand of digging (6)
 q - a wand of flame (28)
 v - a wand of acid (13)
 z - a wand of paralysis (3)
 B - a wand of mindburst (58)
 R - a wand of iceblast (4)
Scrolls
 c - 11 scrolls of teleportation
 l - 2 scrolls of immolation
 r - 8 scrolls of fog
 w - 2 scrolls of blinking
 A - 2 scrolls of vulnerability
 G - a scroll of summoning
 J - 4 scrolls of identify
 K - 3 scrolls of noise
Potions
 d - 2 potions of cancellation
 i - 7 potions of curing
 j - 3 potions of might
 n - 7 potions of mutation
 t - 10 potions of heal wounds
 u - 3 potions of resistance
 x - 2 potions of flight
 E - 2 potions of lignification
 F - 3 potions of brilliance
 O - a potion of magic
Miscellaneous
 p - a box of beasts (inert)


   Skills:
 - Level 3.0 Fighting
 - Level 11.9 Polearms
 - Level 7.8 Armour
 - Level 12.1 Dodging
 - Level 2.0 Stealth
 - Level 4.0 Shields
 - Level 13.0 Spellcasting
 - Level 14.7 Conjurations
 - Level 4.0 Translocations
 - Level 14.5 Fire Magic
 - Level 9.0 Invocations
 + Level 7.7 Evocations


You had 17 spell levels left.
You knew the following spells:

 Your Spells              Type           Power      Damage    Failure   Level
a - Apportation           Tloc           68%        N/A       1%          1
i - Ignition              Fire           36%        3d11      71%         8
m - Iskenderun's Mystic   Conj/Tloc      57%        2d12      1%          4
s - Starburst             Conj/Fire      36%        6d11      2%          6
z - Sticky Flame          Conj/Fire      72%        2d9       1%          4
B - Blink                 Tloc           68%        N/A       1%          2

Your spell library contained the following spells:

 Spells                   Type           Power      Damage    Failure   Level
 Foxfire                  Conj/Fire      100%       2x1d9     0%          1
 Magic Dart               Conj           100%       1d8       0%          1
 Searing Ray              Conj           100%       2d8       1%          2
 Dazzling Flash           Conj/Hex       100%       N/A       1%          3
 Stone Arrow              Conj/Erth      100%       3d13      1%          3
 Gell's Gravitas          Tloc           34%        N/A       3%          3
 Fulminant Prism          Conj/Hex       25%        3d14      3%          4
 Animate Skeleton         Necr           30%        N/A       6%          1
 Pain                     Necr           60%        1d7       6%          1
 Sandblast                Erth           30%        2d9       6%          1
 Sting                    Tmut/Pois      60%        1d6       6%          1
 Summon Small Mammal      Summ           60%        N/A       6%          1
 Lightning Bolt           Conj/Air       25%        1d41      9%          5
 Passwall                 Tmut/Erth      12%        N/A       10%         2
 Poisonous Vapours        Pois/Air       30%        N/A       10%         2
 Confusing Touch          Hex            15%        N/A       19%         3
 Tukima's Dance           Hex            15%        N/A       19%         3
 Vampiric Draining        Necr           15%        2d7       19%         3
 Manifold Assault         Tloc           34%        N/A       34%         5
 Conjure Ball Lightning   Conj/Air       25%        3x3d7     43%         6
 Airstrike                Air            7%         N/A       54%         4
 Anguish                  Hex/Necr       7%         N/A       54%         4
 Cause Fear               Hex            7%         N/A       54%         4
 Olgreb's Toxic Radiance  Pois           15%        N/A       54%         4
 Summon Lightning Spire   Summ/Air       15%        N/A       54%         4
 Summon Forest            Summ/Tloc      12%        N/A       61%         5
 Alistair's Intoxication  Tmut/Pois      10%        N/A       87%         5
 Borgnjor's Vile Clutch   Necr/Erth      7%         N/A       87%         5
 Silence                  Hex/Air        7%         N/A       87%         5
 Yara's Violent Unravell  Hex/Tmut       7%         3d5       87%         5
 Eringya's Noxious Bog    Tmut/Pois      7%         N/A       100%        6
 Enfeeble                 Hex            7%         N/A       100%        7
 Haunt                    Necr/Summ      7%         N/A       100%        7
 Storm Form               Tmut/Air       7%         N/A       100%        7
 Summon Hydra             Summ           7%         N/A       100%        7
 Discord                  Hex            7%         N/A       100%        8
 Disjunction              Tloc           17%        N/A       100%        8
 Maxwell's Capacitive Co  Air            7%         ∞         100%        8


Dungeon Overview and Level Annotations

Branches:
Dungeon (12/15)            Temple (1/1) D:7            Lair (6/6) D:10
  Swamp (4/4) Lair:4        Snake (1/4) Lair:2        Slime (0/5) Lair:5
    Orc (2/2) D:10            Elf (0/3) Orc:2         Sewer (visited)
 Bailey (visited)           IceCv (visited)         Gauntlet (visited)

Altars:
Ashenzari
Cheibriados
Dithmenos
Elyvilon
Fedhas
Gozag
Hepliaklqana
Kikubaaqudgha
Makhleb
Nemelex Xobeh
Okawaru
Qazlal
Ru
Sif Muna
Trog
Uskayaw
Vehumet
Wu Jian
Xom
Yredelemnul
Zin
The Shining One

Shops:
D:5 =   D:7 :   D:9 *   D:10 *   Orc:2 =*[(

Annotations:
D:8 3 runed translucent doors, DEFE's ghost, novice DECA; Protee's ghost, novice NaTm
D:9 exclusion: downstairs


Message History

The naga sharpshooter shoots an arrow.
The arrow hits you.
* * * LOW HITPOINT WARNING * * *
The naga sharpshooter constricts you.
* * * LOW HITPOINT WARNING * * *
You puncture the naga sharpshooter!
You kill the naga sharpshooter!
A naga comes into view. It is wielding a +0 mace.
The naga shouts!
You hear an angry hiss.
A naga comes into view.
It is wielding a +2 hand axe of flaming.
Items here: ( )) ?.
You start resting.
You feel less vulnerable to poison.
Okay, then.
Okay, then.
Unknown command.
You start resting.
A naga is nearby!
You hit the naga.
The naga is moderately wounded.
The naga hits you with a +0 mace!
* * * LOW HITPOINT WARNING * * *
The naga barely misses you.
You hit the naga.
The naga is poisoned.
The naga is moderately wounded.
The naga closely misses you. The naga misses you.
You barely miss the naga.
The naga is moderately wounded.
Casting: Sticky Flame (safe; 1% risk of failure)
Confirm with . or Enter, or press ? or * to list all spells.
Aiming: Sticky Flame (safe; 1% risk of failure)
Press: ? - help, Shift-Dir - straight line, f - naga
Aim: a naga, wielding a +0 mace (moderately wounded, very poisoned, 100% to hit)
The sticky flame hits the naga.
The naga is heavily wounded.
The naga is covered in liquid flames!
The naga burns!
The naga misses you. The naga grabs you. The naga constricts you.
You puncture the naga!
The naga is severely wounded.
The naga burns!
The naga hits you with a +0 mace.
You die...

#.......## #......'.........
#........###.####.#.........
#.........##.####.##......(.
##.........'......###.......
##........#.###### ##....).
##.......#.# ######'
#'####'##.# ##))
###.####.##.# ##...
#.........@.# ##....
#.#.#######N# #..... #...#
#†# #..... ##### #.# #...<.
#)# #..... #.# #..... #.#
#..... #†# ##.... #N#######
#####


You could see a naga (burning, very poisoned).

Vanquished Creatures
  A tentacled monstrosity (Swamp:3)
  A fenstrider witch (Swamp:1)
  3 orc warlords
  6 eleionomae
  An ettin (Orc:2)
  A shambling mangrove (Swamp:2)
  A naga warrior (Snake:1)
  12 hydras
  A ghost crab (Swamp:1)
  3 ice dragons (Swamp:4)
  9 anacondas (Snake:1)
  A centaur warrior (D:10)
  2 death knights (D:10)
  7 two-headed ogres
  4 catoblepae
  7 alligators
  A naga sharpshooter (Snake:1)
  4 orc high priests (Orc:2)
  10 death yaks
  A skeletal warrior (D:10)
  A salamander mystic (Snake:1)
  A death drake (Gauntlet)
  3 spriggan druids
  2 swamp dragons
  6 sea snakes (Snake:1)
  3 goliath frogs
  A lindwurm (Lair:4)
  A naga ritualist (Snake:1)
  4 bog bodies
  3 orc knights (Orc:2)
  A deep elf pyromancer (D:12)
  7 orc sorcerers
  Pikel (D:9)
  4 mana vipers (Snake:1)
  4 will-o-the-wisps
  2 cyclopes
  3 salamanders (Snake:1)
  2 manticores (Lair:6)
  A spectral centaur (Gauntlet)
  6 elephants (Lair:6)
  15 black mambas
  5 torpor snails (Lair:5)
  2 naga magi (Snake:1)
  An ice statue (IceCv)
  14 cane toads
  2 kobold demonologists
  3 rime drakes
  3 ice devils
  An anaconda simulacrum (IceCv)
  4 freezing wraiths (Swamp:4)
  10 komodo dragons
  2 entropy weaver simulacra (IceCv)
  6 trolls
  2 bloated husks
  7 tyrant leeches
  8 hornets
  Prince Ribbit (D:8)
  4 slime creatures
  21 blink frogs
  A meliai zombie (D:10)
  7 spriggans
  A shadow (D:11)
  6 wyverns
  A dire elephant simulacrum (IceCv)
  A wraith (D:11)
  Eustachio (D:5)
  A golden eye (Gauntlet)
  4 basilisks
  66 yaks
  5 vampire mosquitoes (Lair:4)
  2 swamp worm simulacra (Swamp:4)
  A warg (Orc:1)
  3 harpy simulacra (IceCv)
  2 acid dragons
  12 swamp worms
  9 nagas
  9 water moccasins
  12 hydra simulacra (Swamp:4)
  Duvessa (D:7)
  4 black bears
  2 swamp drakes
  42 orc warriors
  A necrophage (D:6)
  6 ogres
  4 centaurs
  A tengu (Lair:6)
  17 wolves
  3 phantoms
  A lemure (D:9)
  5 kobold brigands
  10 bullfrogs
  2 gnoll sergeants
  4 two-headed ogre simulacra (IceCv)
  4 scorpions
  A cane toad simulacrum (IceCv)
  Dowan (D:7)
  A water moccasin skeleton (D:5)
  6 killer bees
  9 wights
  2 elephant simulacra (IceCv)
  An electric eel (Lair:3)
  6 howler monkeys
  2 hounds (D:5)
  4 jellies
  22 orc priests
  3 bullfrog skeletons
  5 centaur zombies
  A gnoll shaman (D:10)
  A centaur skeleton (D:7)
  An iguana (D:4)
  Ijyb (D:5)
  A scorpion zombie (D:4)
  11 hell rats
  36 orc wizards
  10 spriggan simulacra (IceCv)
  2 polar bear simulacra (IceCv)
  8 troll simulacra (IceCv)
  A wolf simulacrum (IceCv)
  A killer bee zombie (D:7)
  A hound skeleton (D:4)
  A howler monkey zombie (D:9)
  13 gnolls
  2 howler monkey skeletons (D:7)
  2 adders (D:4)
  7 naga simulacra (IceCv)
  A shadow imp (D:7)
  4 white imps
  6 swamp drake simulacra (Swamp:4)
  7 ufetubi
  A worm (D:6)
  3 dart slugs
  77 orcs
  7 ball pythons
  7 endoplasms
  A giant cockroach (D:2)
  9 goblins
  6 hobgoblins
  2 jackals
  2 quokkas
  9 bats
  3 frilled lizards
  30 kobolds
  4 rats
836 creatures vanquished.

Vanquished Creatures (collateral kills)
  An ice dragon (Swamp:4)
  A hydra simulacrum (Swamp:4)
2 creatures vanquished.

Vanquished Creatures (others)
  A bullfrog (Lair:4)
  An orc wizard (Orc:2)
  An ufetubus (IceCv)
  28 foxfires
  6 fulminant prisms
  30 fungi
  38 plants
  6 withered plants (D:8)
111 creatures vanquished.

Grand Total: 949 creatures vanquished

Notes
Turn   | Place    | Note
-------+----------+-------------------------------------------
     0 | D:1      | Armakuni the Human Conjurer began the quest for the Orb.
     0 | D:1      | Reached XP level 1. HP: 13/13 MP: 3/3
   208 | D:1      | Reached XP level 2. HP: 19/19 MP: 1/5
   254 | D:1      | Learned a level 2 spell: Searing Ray
  1099 | D:1      | Reached XP level 3. HP: 24/24 MP: 3/6
  1274 | D:2      | Found an ancient bone altar of Kikubaaqudgha.
  1451 | D:2      | Reached XP level 4. HP: 15/30 MP: 0/8
  2029 | D:2      | Learned a level 4 spell: Iskenderun's Mystic Blast
  2485 | D:3      | Found a faded altar of an unknown god.
  2588 | D:3      | Found a basalt altar of Yredelemnul.
  2643 | D:3      | Found a broken altar of Ashenzari.
  2845 | D:3      | Reached skill level 5 in Conjurations
  3042 | D:4      | Reached XP level 5. HP: 35/35 MP: 9/9
  3052 | D:4      | Reached skill level 1 in Translocations
  3222 | D:4      | Reached XP level 6. HP: 30/41 MP: 10/10
  3848 | D:4      | Noticed an orc warrior
  4122 | D:4      | Killed an orc warrior
  4123 | D:4      | Reached XP level 7. HP: 24/46 MP: 11/11
  4330 | D:5      | Entered Level 5 of the Dungeon
  4385 | D:5      | Learned a level 4 spell: Fulminant Prism
  4442 | D:5      | Noticed Eustachio
  4449 | D:5      | Killed Eustachio
  4526 | D:5      | Found a snail-covered altar of Cheibriados.
  4526 | D:5      | Found a stormy altar of Qazlal.
  4526 | D:5      | Found a sacrificial altar of Ru.
  4526 | D:5      | Found a shimmering blue altar of Sif Muna.
  4545 | D:5      | Found Buges's Jewellery Boutique.
  4739 | D:5      | Reached skill level 1 in Armour
  4739 | D:5      | Reached XP level 8. HP: 34/52 MP: 12/12
  5294 | D:5      | Noticed Ijyb
  5309 | D:5      | Killed Ijyb
  5437 | D:5      | Found a large runed translucent door.
  5439 | D:5      | Found a large runed translucent door.
  5484 | D:5      | Found a shadowy altar of Dithmenos.
  5576 | D:5      | Found a sparkling altar of Nemelex Xobeh.
  6069 | D:5      | Found a shimmering altar of Xom.
  6092 | D:5      | Found an ancient bone altar of Kikubaaqudgha.
  6189 | D:6      | Reached XP level 9. HP: 57/57 MP: 15/15
  6376 | D:6      | Found a glowing drain.
  6394 | Sewer    | Entered a sewer
  6578 | D:6      | Reached skill level 5 in Spellcasting
  6835 | D:6      | Upgraded the game from 0.28-a0-1616-g050a50673c to
                  | 0.28-a0-1624-g820543e53a
  7455 | D:7      | Found Zaorchofa's Book Emporium.
  7472 | D:7      | Bought Ugympitomm's Grimoire of Flames for 320 gold pieces
  7477 | D:7      | Learned a level 4 spell: Sticky Flame
  7493 | D:7      | Found a staircase to the Ecumenical Temple.
  7501 | Temple   | Entered the Ecumenical Temple
  7712 | Temple   | Became a worshipper of Elyvilon the Healer
  8218 | D:7      | Noticed Duvessa
  8218 | D:7      | Noticed Dowan
  8223 | D:7      | Killed Dowan
  8225 | D:7      | Killed Duvessa
  8529 | D:7      | Reached skill level 10 in Conjurations
  8808 | D:8      | Reached XP level 10. HP: 63/63 MP: 19/19
  9110 | D:8      | Reached * piety under Elyvilon
  9172 | D:8      | Found a runed translucent gate.
  9172 | D:8      | Found a runed translucent gate.
  9172 | D:8      | Found a runed translucent gate.
  9172 | D:8      | Noticed DEFE's ghost (novice DECA)
  9174 | D:8      | Noticed Protee's ghost (novice NaTm)
  9432 | D:8      | Noticed Prince Ribbit
  9446 | D:8      | Killed Prince Ribbit
  9541 | D:8      | Found a flagged portal.
  9552 | Bailey   | Entered a bailey
  9641 | Bailey   | Noticed an orc warlord
  9692 | Bailey   | Reached skill level 1 in Fire Magic
  9864 | Bailey   | Found a runed translucent gate.
  9866 | Bailey   | Found a runed translucent gate.
  9868 | Bailey   | Found a runed translucent gate.
  9987 | Bailey   | Killed an orc warlord
  9988 | Bailey   | Reached XP level 11. HP: 49/68 MP: 19/23
 10029 | Bailey   | Reached skill level 10 in Fire Magic
 10029 | Bailey   | Reached XP level 12. HP: 62/74 MP: 23/24
 10085 | Bailey   | Learned a level 8 spell: Ignition
 10616 | D:9      | Reached skill level 1 in Fighting
 11004 | D:9      | Reached ** piety under Elyvilon
 11184 | D:9      | Found Zin's Purification Station.
 11186 | D:9      | Found a glowing silver altar of Zin.
 11218 | D:9      | Noticed Pikel
 11226 | D:9      | Killed Pikel
 11521 | D:10     | Entered Level 10 of the Dungeon
 11615 | D:5      | Bought an amulet of magic regeneration for 390 gold pieces
 11820 | D:10     | Found a staircase to the Lair.
 11933 | D:10     | Reached *** piety under Elyvilon
 11983 | D:10     | Found a staircase to the Orcish Mines.
 12048 | D:10     | Noticed a two-headed ogre
 12057 | D:10     | Killed a two-headed ogre
 12063 | D:10     | Noticed a two-headed ogre
 12082 | D:10     | Killed a two-headed ogre
 12210 | D:10     | Identified the amulet of Isec {Faith +Inv SInv}
 12217 | D:10     | Noticed a centaur warrior
 12239 | D:10     | Noticed a skeletal warrior
 12615 | Lair:1   | Entered Level 1 of the Lair of Beasts
 12623 | Lair:1   | Reached skill level 1 in Invocations
 12978 | Lair:1   | Reached skill level 5 in Invocations
 13474 | Lair:1   | Noticed a five-headed hydra
 13481 | Lair:1   | Killed a five-headed hydra
 13482 | Lair:1   | Reached XP level 13. HP: 81/86 MP: 25/26
 14062 | Lair:2   | Found the +8 trident of the Octopus King {venom, rElec
                  | rPois}
 14105 | Lair:2   | Reached skill level 5 in Armour
 14172 | Lair:2   | Noticed a four-headed hydra
 14180 | Lair:2   | Killed a four-headed hydra
 14294 | Lair:2   | Reached skill level 5 in Dodging
 14733 | Lair:2   | Reached **** piety under Elyvilon
 14747 | Lair:2   | Found a staircase to the Snake Pit.
 15820 | Lair:3   | Learned a level 6 spell: Starburst
 15831 | Lair:3   | Reached ***** piety under Elyvilon
 16022 | Lair:3   | Reached skill level 10 in Dodging
 16585 | Lair:4   | Noticed a catoblepas
 16596 | Lair:4   | Killed a catoblepas
 16656 | Lair:4   | Noticed an eight-headed hydra
 16668 | Lair:4   | Killed an eight-headed hydra
 17049 | Lair:4   | Noticed a six-headed hydra
 17057 | Lair:4   | Killed a six-headed hydra
 17186 | Lair:4   | Found a staircase to the Swamp.
 17364 | Lair:4   | Identified the +1 scale mail of Gallantry {MP+9}
 17598 | Lair:4   | Reached XP level 14. HP: 83/93 MP: 24/27
 17655 | Lair:4   | Got the Reference Book on Displacement and Attacks
 18076 | Lair:5   | Found a staircase to the Slime Pits.
 18091 | Lair:5   | Found a gate leading to a gauntlet.
 18101 | Gauntlet | Entered a Gauntlet
 18101 | Gauntlet | Found a transporter.
 18120 | Gauntlet | Found a transporter.
 18122 | Gauntlet | Found a transporter.
 18123 | Gauntlet | Found a transporter.
 18134 | Gauntlet | Found a transporter.
 18135 | Gauntlet | Found a transporter.
 18137 | Gauntlet | Noticed a balrug
 18145 | Gauntlet | Found a transporter.
 18147 | Gauntlet | Found a transporter.
 18148 | Gauntlet | Found a transporter.
 18155 | Gauntlet | Found a runed translucent door.
 18157 | Gauntlet | Found a transporter.
 18160 | Gauntlet | Found a transporter.
 18161 | Gauntlet | Found a transporter.
 18174 | Gauntlet | Found a transporter.
 18217 | Gauntlet | Found a transporter.
 18258 | Gauntlet | Reached skill level 10 in Spellcasting
 18473 | Gauntlet | Identified the +0 hat of Wiam {rC+}
 18651 | Gauntlet | Was placed under penance by Elyvilon
 18887 | Gauntlet | Noticed a minotaur
 19333 | Lair:5   | Was forgiven by Elyvilon
 19723 | Lair:5   | Found a snail-covered altar of Cheibriados.
 20118 | Lair:6   | Entered Level 6 of the Lair of Beasts
 20951 | Lair:6   | Reached XP level 15. HP: 81/98 MP: 28/30
 22680 | D:10     | Found Jutruant's Hallowed Reliquary.
 22682 | D:10     | Noticed an angel
 22688 | D:10     | Bought a potion of heal wounds for 65 gold pieces
 22688 | D:10     | Bought a potion of heal wounds for 65 gold pieces
 23249 | D:10     | Elyvilon protects you from harm!
 23727 | D:10     | Reached skill level 1 in Shields
 24034 | D:11     | You fall into a shaft and drop 1 floor!
 24695 | Orc:1    | Entered Level 1 of the Orcish Mines
 24825 | Orc:1    | Noticed an orc warlord
 24861 | Orc:1    | Killed an orc warlord
 25114 | Orc:1    | Found a frozen archway.
 25125 | IceCv    | Entered an ice cave
 25572 | IceCv    | Identified a scroll of acquirement
 25574 | IceCv    | Acquired 742 gold pieces
 25670 | IceCv    | Reached XP level 16. HP: 100/104 MP: 32/32
 26262 | Orc:2    | Entered Level 2 of the Orcish Mines
 26625 | Orc:2    | Found a staircase to the Elven Halls.
 28068 | Orc:2    | Found Gyotor's Antique Armour Shoppe.
 28069 | Orc:2    | Found Kasaib Hoth's Antique Weapon Emporium.
 28071 | Orc:2    | Found Liul's General Store.
 28071 | Orc:2    | Found Rietem's Jewellery Shoppe.
 28087 | Orc:2    | Bought a potion of heal wounds for 80 gold pieces
 28097 | Orc:2    | Bought a pair of bloodstained boots for 247 gold pieces
 28097 | Orc:2    | Identified the +0 pair of boots of Kiogg {Str+2 Dex+3} (You
                  | bought it in a shop on level 2 of the Orcish Mines)
 28444 | Lair:1   | Learned a level 2 spell: Blink
 28446 | Lair:1   | Learned a level 1 spell: Apportation
 28484 | Snake:1  | Entered Level 1 of the Snake Pit
 29183 | Snake:1  | Upgraded the game from 0.28-a0-1624-g820543e53a to
                  | 0.28-a0-1629-gf728b707aa
 29642 | Swamp:1  | Entered Level 1 of the Swamp
 29831 | Swamp:1  | Reached skill level 1 in Polearms
 30125 | Swamp:1  | Noticed a fenstrider witch
 30435 | Swamp:1  | Paralysed by a fenstrider witch for 3 turns
 30439 | Swamp:1  | Killed a fenstrider witch
 30616 | Swamp:1  | Reached skill level 5 in Polearms
 30782 | Swamp:1  | Got the Tome of Dark Arts and Execration
 30792 | Swamp:1  | Reached XP level 17. HP: 91/109 MP: 34/34
 31492 | Swamp:2  | Reached skill level 1 in Evocations
 32246 | Swamp:3  | Upgraded the game from 0.28-a0-1629-gf728b707aa to
                  | 0.28-a0-1638-g9123634e07
 32271 | Swamp:3  | Upgraded the game from 0.28-a0-1638-g9123634e07 to
                  | 0.29-a0-8-g0446c0dae4
 32279 | Swamp:3  | Identified the +2 robe of an ossuary {rC- rN+ Str+9}
 32540 | Swamp:3  | Noticed a tentacled monstrosity
 32549 | Swamp:3  | Killed a tentacled monstrosity
 33129 | Swamp:4  | Entered Level 4 of the Swamp
 33140 | Swamp:4  | Reached skill level 10 in Polearms
 34374 | Swamp:4  | Upgraded the game from 0.29-a0-8-g0446c0dae4 to
                  | 0.29-a0-11-ga75d3d97ab
 34460 | Swamp:4  | Reached skill level 5 in Evocations
 34860 | Swamp:4  | Got a decaying rune of Zot
 35799 | Snake:1  | HP: 2/109 [naga (8)]
 35803 | Snake:1  | Slain by a naga

Illustrated notes

Levels and vault maps discovered:
D:1:      lightli_arrival_boilingwater, layout_loops_ring, serial_forest,
          infiniplex_forest_clump_diagonal, infiniplex_forest_end_1,
          infiniplex_forest_clump_curved, infiniplex_forest_corner_1,
          infiniplex_forest_clump_tiny, infiniplex_forest_zigzag_1,
          infiniplex_forest_straight_1, infiniplex_forest_3_way,
          infiniplex_forest_straight_2
D:2:      layout_basic, basic_altar
D:3:      layout_basic, mainiacjoe_overflow_tiny_flanked,
          mainiacjoe_overflow_concentric_impassable,
          dreamdust_ecumenical_altar_hidden_monk_grotto
D:4:      minmay_clustersquares, layout_loops_cross, feat_on_display
D:5:      layout_loops_ring, marbit_many_paths, jmf_multi_god_temple2,
          lemuel_tele_altar, chequers_temple_overflow_statue_of_worship,
          serial_shops, nicolae_shop_trees, minmay_crystal_water,
          uniq_eustachio, uniq_ijyb
D:6:      layout_gridville, cheibrodos_sewer_entry_bend
D:7:      layout_loops_corners, minmay_temple_entry_proselytizer, serial_shops,
          nicolae_shop_window_shopping, uniq_duvessa
D:8:      layout_loops_ring, gammafunk_ghost_cemetery, enter_bailey_2,
          uniq_prince_ribbit1
D:9:      layout_small_grid, zin_purify, uniq_pikel
D:10:     minmay_the_grid_octo_tiled_squarecenter
          [minmay_the_grid_octo_odd_swirl, minmay_the_grid_octo_fan_narrow,
          minmay_the_grid_octo_concentric, minmay_the_grid_octo_clover,
          minmay_the_grid_square_5x5_megaprize_crossed,
          minmay_the_grid_square_5x5_inner_v,
          minmay_the_grid_square_5x5_trominoes,
          minmay_the_grid_square_5x5_n_small,
          minmay_the_grid_square_5x5_inner_z], layout_stronghold,
          nicolae_good_shop
D:11:     layout_irregular_city
D:12:     layout_basic
Temple:   minmay_temple_curvy_loop
Lair:1:   layout_cave_pods
Lair:2:   layout_layer_cave, minmay_snake_entry_guardpost_small, serial_rivers,
          chequers_serial_rivers_micro_b, chequers_serial_rivers_small_b,
          chequers_serial_rivers_micro_a, chequers_serial_rivers_micro_a,
          chequers_serial_rivers_room_a, chequers_serial_rivers_micro_d
Lair:3:   layout_cellular_growth, serial_bayou_pond_b
Lair:4:   layout_gridlike, minmay_swamp_entry_swarm,
          hangedman_lair_generics_rect
Lair:5:   layout_regular_city, minmay_slime_entry_pillars,
          gauntlet_entry_generic, kennysheep_snail_temple, lemuel_fruit_fields
Lair:6:   evilmike_catoblepas_cave, layout_regular_city, patterned_corridor,
          grunt_megastairs_2
Swamp:1:  layout_basic_swamp, serial_swamp_ruin, evilmike_swamp_ruin_house_1,
          evilmike_swamp_ruin_house_4, swamp_pool1
Swamp:2:  layout_falls_marsh, hangedman_swamp_ruin_wall
Swamp:3:  layout_basic_swamp, nicolae_swamp_trees_clearing
Swamp:4:  swamp_icy, layout_basic_swamp
Snake:1:  minmay_snake_river, layout_gridlike, serial_corexii_hall,
          chequers_hall_statues_y, chequers_hall_statues_wall_a,
          grunt_ministairs_11, nicolae_snake_lava_pool
Orc:1:    layout_caves, portal_ice_cave_demonic_guard
Orc:2:    st_orc_congregation, layout_diamond_mine, small_statue_alley_c

Skill      XL: |  1  2  3  4  5  6  7  8  9 10 11 12 13 14 15 16 17 |
---------------+----------------------------------------------------+-----
Spellcasting   | 3 4 6 8 9 11 12 13 | 13.0
Conjurations   | 5 6 7 8 10 11 13 14 | 14.7
Translocations | 2 3 4 |  4.0
Armour         | 1 4 5 7 |  7.8
Fire Magic     | 3 10 11 12 13 14 | 14.5
Fighting       | 3 |  3.0
Invocations    | 7 9 |  9.0
Dodging        | 12 | 12.1
Shields        | 4 |  4.0
Polearms       | 6 11 | 11.9
Evocations     | 7 |  7.7
Stealth        | |  2.0

Action                   |  1- 3 |  4- 6 |  7- 9 | 10-12 | 13-15 | 16-18 || total
-------------------------+-------+-------+-------+-------+-------+-------++-------
Melee: Club              |     2 |       |       |       |       |       ||     2
       Dagger            |    11 |     4 |       |       |       |       ||    15
       Staff             |       |       |     2 |    22 |    90 |    62 ||   176
       Punch             |       |       |       |       |     3 |       ||     3
       Trident           |       |       |       |       |       |    60 ||    60
       Morningstar       |       |       |       |       |       |     4 ||     4
 Cast: Magic Dart        |    12 |       |       |       |       |       ||    12
       Searing Ray       |    21 |    39 |    67 |    55 |    31 |     3 ||   216
       Iskenderun's Myst |       |       |     3 |    43 |   146 |    43 ||   235
       Sticky Flame      |       |       |       |    24 |    83 |    49 ||   156
       Fulminant Prism   |       |       |       |     5 |     1 |       ||     6
       Starburst         |       |       |       |       |   143 |   215 ||   358
Invok: Heal Self         |       |       |       |     3 |    12 |    25 ||    40
       Purification      |       |       |       |       |    10 |     4 ||    14
       Heal Other        |       |       |       |       |     2 |     1 ||     3
Evoke: Wand              |       |       |       |    21 |    18 |    30 ||    69
       Box of beasts     |       |       |       |       |     1 |     2 ||     3
  Use: Scroll            |     2 |     4 |    10 |     6 |    13 |     6 ||    41
       Potion            |       |     1 |       |     2 |     6 |     1 ||    10
 Stab: Distracted        |       |       |       |     1 |       |       ||     1
       Paralysed         |       |       |       |       |     3 |       ||     3
Armor: Leather armour    |    12 |     5 |    18 |    10 |       |       ||    45
       Acid dragon scale |       |       |       |    30 |   114 |   116 ||   260
Dodge: Dodged            |    23 |    20 |    35 |    77 |   439 |   253 ||   847
Block: Buckler           |       |       |       |       |       |    64 ||    64

Table legend: (Time is in decaauts)
 A = Elapsed time spent in this place.
 B = Non-inter-level travel time spent in this place.
 C = Inter-level travel time spent in this place.
 D = Time resting spent in this place.
 E = Time spent auto-exploring this place.
 F = Levels seen in this place.
 G = Mean time per level.
                   A        B        C        D        E       F      G
               +--------+--------+--------+--------+--------+-----+--------+
         Total |  36207 |  34858 |   1349 |   8098 |  19714 |  30 | 1206.9 |
       Dungeon |  13953 |  13230 |    723 |   3146 |   7457 |  12 | 1162.8 |
        Temple |    229 |    212 |     17 |      0 |    197 |   1 |  229.0 |
          Lair |   9843 |   9492 |    351 |   1880 |   6108 |   6 | 1640.5 |
         Swamp |   5471 |   5331 |    140 |   1460 |   2837 |   4 | 1367.8 |
     Snake Pit |   1519 |   1517 |      2 |    259 |    951 |   1 | 1519.0 |
  Orcish Mines |   2652 |   2536 |    116 |    294 |   1569 |   2 | 1326.0 |
         Sewer |    134 |    134 |      0 |     13 |     69 |   1 |  134.0 |
        Bailey |    585 |    585 |      0 |    270 |     10 |   1 |  585.0 |
      Ice Cave |   1028 |   1028 |      0 |    354 |    377 |   1 | 1028.0 |
      Gauntlet |    788 |    788 |      0 |    422 |    137 |   1 |  788.0 |
               +--------+--------+--------+--------+--------+-----+--------+

Top non-repeatable levels by time:
    D:10: 2233 daAuts
  Lair:6: 2150 daAuts
   Orc:2: 2037 daAuts
  Lair:4: 1976 daAuts
     D:4: 1753 daAuts
 Swamp:4: 1710 daAuts
 Swamp:3: 1675 daAuts
  Lair:2: 1673 daAuts
     D:7: 1528 daAuts
 Snake:1: 1519 daAuts
     D:5: 1477 daAuts
  Lair:5: 1475 daAuts
     D:8: 1331 daAuts
     D:1: 1329 daAuts
  Lair:3: 1291 daAuts
